SAAA
VIOLA SPEARHEADS @ BAGLEY LOONS
08/31/2019
 
TOP OF THE 1ST
Viola Spearheads batting - Pitching for Bagley Loons : RHP Eric Lang
Pitching: RHP Eric Lang
Batting: LHB Keith Gardner 0-0: Called Strike
0-1: Foul Ball, location: 2F
0-2: Ball
1-2: Strikes out swinging
Batting: RHB Trevor Gardner 0-0: Called Strike
0-1: Foul Ball, location: 2F
0-2: Strikes out looking
Batting: RHB Randy Gregory 0-0: Swinging Strike
0-1: Ground out 6-3 (Groundball, 6)
Top of the 1st over - 0 run(s), 0 hit(s), 0 error(s), 0 left on base; Viola 0 - Bagley 0
BOTTOM OF THE 1ST
Bagley Loons batting - Pitching for Viola Spearheads : RHP Doug Ryan
Pitching: RHP Doug Ryan
Batting: RHB Bill Dennis 0-0: Ball
1-0: Ball
2-0: Called Strike
2-1: Ball
3-1: Ground out 5-3 (Groundball, 5S)
Batting: RHB Adam Hennessey 0-0: Hit by Pitch
Batting: RHB Karl Schultz 0-0: Ball
1-0: Foul Ball, location: 2F
1-1: Fly out, F4 (Popup, 4MD)
Batting: RHB Nick Simmons 0-0: Ball
1-0: Ball
Adam Hennessey steals 2nd base
2-0: Fly out, F8 (Flyball, 8LM)
Bottom of the 1st over - 0 run(s), 0 hit(s), 0 error(s), 1 left on base; Viola 0 - Bagley 0
TOP OF THE 2ND
Viola Spearheads batting - Pitching for Bagley Loons : RHP Eric Lang
Batting: RHB Steffen Taylor 0-0: Swinging Strike
0-1: SINGLE (Groundball, 56D)
Batting: RHB Bill Newsome 0-0: Called Strike
0-1: Ball
1-1: Foul Ball, location: 2F
1-2: Ball
2-2: Ball
3-2: Base on Balls
Steffen Taylor to second
Batting: RHB Thomas Teague 0-0: Foul Ball, location: 2F
0-1: Ball
1-1: Grounds into double play, U4-3 (Groundball, 4)
Steffen Taylor to third
Batting: RHB Paul Arthur 0-0: SINGLE (Groundball, 34D)
Steffen Taylor scores
Batting: SHB Jim Unknown 0-0: Called Strike
0-1: Ball
1-1: Foul Ball, location: 2F
1-2: Foul Ball, location: 2F
1-2: Foul Ball, location: 2F
1-2: Strikes out swinging
Top of the 2nd over - 1 run(s), 2 hit(s), 0 error(s), 1 left on base; Viola 1 - Bagley 0
BOTTOM OF THE 2ND
Bagley Loons batting - Pitching for Viola Spearheads : RHP Doug Ryan
Batting: RHB Todd Blake 0-0: Swinging Strike
0-1: Ball
1-1: Ball
2-1: Ball
3-1: Foul Ball, location: 2F
3-2: Ground out 5-3 (Groundball, 5L)
Batting: LHB Rafael García 0-0: Ball
1-0: SOLO HOME RUN (Flyball, 9LD), Distance : 333 ft
Batting: RHB Allen Murphy 0-0: SINGLE (Groundball, 6M)
Batting: RHB Jason Dunn 0-0: Called Strike
0-1: Ball
1-1: Ball
2-1: Foul Ball, location: 2F
2-2: Hit by Pitch
Allen Murphy to second
Batting: RHB Eddie O'Bryan 0-0: Ball
1-0: Ball
2-0: Fly out, F2 (Popup, 2LF)
Batting: RHB Bill Dennis 0-0: Called Strike
0-1: Ball
1-1: Ball
2-1: Called Strike
2-2: 3-RUN HOME RUN (Flyball, 7LD), Distance : 333 ft
Batting: RHB Adam Hennessey 0-0: Fly out, F8 (Flyball, 8RM)
Bottom of the 2nd over - 4 run(s), 3 hit(s), 0 error(s), 0 left on base; Viola 1 - Bagley 4
TOP OF THE 3RD
Viola Spearheads batting - Pitching for Bagley Loons : RHP Eric Lang
Batting: RHB Robert Fuller 0-0: Ball
1-0: Swinging Strike
1-1: Foul Ball, location: 2F
1-2: Ball
2-2: Strikes out swinging
Batting: LHB Keith Gardner 0-0: Called Strike
0-1: Ground out 4-3 (Groundball, 4)
Batting: RHB Trevor Gardner 0-0: Called Strike
0-1: Foul Ball, location: 2F
0-2: Hit by Pitch
Batting: RHB Randy Gregory 0-0: Ball
1-0: Swinging Strike
1-1: Foul Ball, location: 2F
1-2: Fly out, F6 (Line Drive, 6)
Top of the 3rd over - 0 run(s), 0 hit(s), 0 error(s), 1 left on base; Viola 1 - Bagley 4
BOTTOM OF THE 3RD
Bagley Loons batting - Pitching for Viola Spearheads : RHP Doug Ryan
Batting: RHB Karl Schultz 0-0: Ball
1-0: Ground out 6-3 (Groundball, 6M)
Batting: RHB Nick Simmons 0-0: Ball
1-0: Ball
2-0: Ball
3-0: Base on Balls
Batting: RHB Todd Blake 0-0: Called Strike
0-1: Ball
1-1: Fly out, F9 (Flyball, 9M)
Batting: LHB Rafael García 0-0: Ball
1-0: DOUBLE (Line Drive, 9LM)
Nick Simmons to third
Runner from 3rd tries for Home, SAFE, no throw or cutoff
Batting: RHB Allen Murphy 0-0: Called Strike
0-1: Foul Ball, location: 2F
0-2: Foul Ball, location: 2F
0-2: Fly out, F8 (Flyball, 8LM)
Bottom of the 3rd over - 1 run(s), 1 hit(s), 0 error(s), 1 left on base; Viola 1 - Bagley 5
TOP OF THE 4TH
Viola Spearheads batting - Pitching for Bagley Loons : RHP Eric Lang
Batting: RHB Steffen Taylor 0-0: Called Strike
0-1: Ground out 5-3 (Groundball, 5)
Batting: RHB Bill Newsome 0-0: Ball
1-0: Ground out 6-3 (Groundball, 6M)
Batting: RHB Thomas Teague 0-0: Fly out, F8 (Flyball, 78M)
Top of the 4th over - 0 run(s), 0 hit(s), 0 error(s), 0 left on base; Viola 1 - Bagley 5
BOTTOM OF THE 4TH
Bagley Loons batting - Pitching for Viola Spearheads : RHP Doug Ryan
Batting: RHB Jason Dunn 0-0: Ball
1-0: Foul Ball, location: 2F
1-1: Fly out, F8 (Flyball, 8RS)
Batting: RHB Eddie O'Bryan 0-0: Called Strike
0-1: Ball
1-1: Ground out 1-3 (Groundball, 13S)
Batting: RHB Bill Dennis 0-0: Called Strike
0-1: Ground out 6-3 (Groundball, 6M)
Bottom of the 4th over - 0 run(s), 0 hit(s), 0 error(s), 0 left on base; Viola 1 - Bagley 5
TOP OF THE 5TH
Viola Spearheads batting - Pitching for Bagley Loons : RHP Eric Lang
Batting: RHB Paul Arthur 0-0: Ground out 5-3 (Groundball, 5S)
Batting: SHB Jim Unknown 0-0: Ball
1-0: Foul Ball, location: 2F
1-1: DOUBLE (Flyball, 78D)
Batting: RHB Robert Fuller 0-0: Ball
1-0: Ball
2-0: Ball
3-0: Called Strike
3-1: Base on Balls
Batting: LHB Keith Gardner 0-0: Ball
1-0: Called Strike
1-1: Called Strike
1-2: Ball
2-2: Ball
3-2: Foul Ball, location: 2F
3-2: Strikes out swinging
Batting: RHB Trevor Gardner 0-0: Ball
1-0: Foul Ball, location: 2F
1-1: Ground out 5-3 (Groundball, 5S)
Top of the 5th over - 0 run(s), 1 hit(s), 0 error(s), 2 left on base; Viola 1 - Bagley 5
BOTTOM OF THE 5TH
Bagley Loons batting - Pitching for Viola Spearheads : RHP Doug Ryan
Batting: RHB Adam Hennessey 0-0: Ball
1-0: Foul Ball, location: 2F
1-1: SINGLE (Groundball, 4MD)
Batting: RHB Karl Schultz 0-0: Called Strike
0-1: Ball
1-1: Called Strike
1-2: Foul Ball, location: 2F
1-2: Strikes out swinging
Adam Hennessey steals 2nd base
Batter strikes out.
Batting: RHB Nick Simmons 0-0: Ball
1-0: Foul Ball, location: 2F
1-1: Swinging Strike
1-2: Ball
2-2: Fly out, F7 (Flyball, 7M)
Batting: RHB Todd Blake 0-0: Ball
1-0: Ground out U3 (Groundball, 3L)
Bottom of the 5th over - 0 run(s), 1 hit(s), 0 error(s), 1 left on base; Viola 1 - Bagley 5
TOP OF THE 6TH
Viola Spearheads batting - Pitching for Bagley Loons : RHP Eric Lang
Batting: RHB Randy Gregory 0-0: Called Strike
0-1: Ball
1-1: Foul Ball, location: 2F
1-2: Strikes out looking
Batting: RHB Steffen Taylor 0-0: Ground out U3 (Groundball, 3S)
Batting: RHB Bill Newsome 0-0: Called Strike
0-1: Foul Ball, location: 2F
0-2: Strikes out swinging
Top of the 6th over - 0 run(s), 0 hit(s), 0 error(s), 0 left on base; Viola 1 - Bagley 5
BOTTOM OF THE 6TH
Bagley Loons batting - Pitching for Viola Spearheads : RHP Doug Ryan
Batting: LHB Rafael García 0-0: Swinging Strike
0-1: Ball
1-1: Swinging Strike
1-2: Strikes out swinging
Batting: RHB Allen Murphy 0-0: Swinging Strike
0-1: Ball
1-1: Ball
2-1: Ground out 6-3 (Groundball, 6M)
Batting: RHB Jason Dunn 0-0: Called Strike
0-1: Fly out, F9 (Flyball, 89S)
Bottom of the 6th over - 0 run(s), 0 hit(s), 0 error(s), 0 left on base; Viola 1 - Bagley 5
TOP OF THE 7TH
Viola Spearheads batting - Pitching for Bagley Loons : RHP Eric Lang
Batting: RHB Thomas Teague 0-0: Ball
1-0: Called Strike
1-1: Ball
2-1: DOUBLE (Line Drive, 7LS)
Batting: RHB Paul Arthur 0-0: Ball
1-0: Called Strike
1-1: Ball
2-1: Called Strike
2-2: Ball
3-2: Foul Ball, location: 2F
3-2: Base on Balls
Batting: SHB Jim Unknown 0-0: Foul Ball, location: 2F
0-1: Fielders Choice at 2nd, 6-4 (Groundball, 6M)
Thomas Teague to third
Batting: RHB Robert Fuller 0-0: Called Strike
0-1: Foul Ball, location: 2F
0-2: Strikes out swinging
Batting: LHB Keith Gardner 0-0: Called Strike
0-1: Ball
1-1: Foul Ball, location: 2F
1-2: Ball
2-2: Strikes out swinging
Top of the 7th over - 0 run(s), 1 hit(s), 0 error(s), 2 left on base; Viola 1 - Bagley 5
BOTTOM OF THE 7TH
Bagley Loons batting - Pitching for Viola Spearheads : RHP Doug Ryan
Batting: RHB Eddie O'Bryan 0-0: Ball
1-0: Swinging Strike
1-1: Hit by Pitch
Batting: RHB Bill Dennis 0-0: Grounds into double play, 5-4-3 (Groundball, 5L)
Batting: RHB Adam Hennessey 0-0: Called Strike
0-1: SOLO HOME RUN (Flyball, 7D), Distance : 352 ft
Batting: RHB Karl Schultz 0-0: Called Strike
0-1: Ball
1-1: Called Strike
1-2: Ball
2-2: Foul Ball, location: 2F
2-2: Fly out, F8 (Popup, 4MD)
Bottom of the 7th over - 1 run(s), 1 hit(s), 0 error(s), 0 left on base; Viola 1 - Bagley 6
TOP OF THE 8TH
Viola Spearheads batting - Pitching for Bagley Loons : RHP Eric Lang
Now at C: Stu Henderson
Now in RF: Kenko Ueda
Batting: RHB Trevor Gardner 0-0: Called Strike
0-1: Called Strike
0-2: Ball
1-2: Fly out, F7 (Flyball, 7M)
Batting: RHB Randy Gregory 0-0: Foul Ball, location: 2F
0-1: Ball
1-1: Foul Ball, location: 2F
1-2: Foul Ball, location: 2F
1-2: Ball
2-2: Ball
3-2: Foul Ball, location: 2F
3-2: SINGLE (Groundball, 56D)
Batting: RHB Steffen Taylor 0-0: SINGLE (Line Drive, 9LS)
Randy Gregory to second
Batting: RHB Bill Newsome 0-0: Ball
1-0: Ball
2-0: Ball
3-0: Base on Balls
Randy Gregory to third
Steffen Taylor to second
Pitching: RHP Alberto Díaz
Batting: RHB Thomas Teague 0-0: Called Strike
0-1: Ground out 5-3 (Groundball, 5S)
Randy Gregory scores
Steffen Taylor to third
Bill Newsome to second
Pitching: RHP Jeremy Gutiérrez
Batting: RHB Paul Arthur 0-0: Ball
1-0: Foul Ball, location: 2F
1-1: Swinging Strike
1-2: Foul Ball, location: 2F
1-2: Foul Ball, location: 2F
1-2: SINGLE (Groundball, 34D)
Steffen Taylor scores
Bill Newsome to third
Runner from 3rd tries for Home, SAFE, no throw or cutoff
Pitching: LHP Manuel Martínez
Batting: SHB Jim Unknown 0-0: Called Strike
0-1: Ball
1-1: Ball
2-1: Swinging Strike
2-2: Fly out, F5 (Popup, 5F)
Top of the 8th over - 3 run(s), 3 hit(s), 0 error(s), 1 left on base; Viola 4 - Bagley 6
BOTTOM OF THE 8TH
Bagley Loons batting - Pitching for Viola Spearheads : RHP Doug Ryan
Pitching: LHP Sergio Garza
Batting: LHB Kenko Ueda 0-0: Ball
1-0: Ball
2-0: Foul Ball, location: 2F
2-1: Called Strike
2-2: Foul Ball, location: 2F
2-2: Ball
3-2: SINGLE (Groundball, 4M)
Batting: RHB Todd Blake 0-0: Fly out, F6 (Popup, 6M)
Pitching: LHP Harry Evans
Batting: LHB Rafael García 0-0: Ball
1-0: Called Strike
1-1: Swinging Strike
Kenko Ueda is caught stealing 2nd base
1-2: Ball
2-2: Ball
3-2: SINGLE (Flyball, 7LS)
Batting: RHB Stu Henderson 0-0: Ball
1-0: Called Strike
1-1: Ball
2-1: Fly out, F6 (Popup, 6M)
Bottom of the 8th over - 0 run(s), 2 hit(s), 0 error(s), 1 left on base; Viola 4 - Bagley 6
TOP OF THE 9TH
Viola Spearheads batting - Pitching for Bagley Loons : LHP Manuel Martínez
Pitching: RHP Artie Beardsall
Batting: RHB Robert Fuller 0-0: Ball
1-0: Called Strike
1-1: Foul Ball, location: 2F
1-2: Ball
2-2: Strikes out swinging
Batting: LHB Keith Gardner 0-0: Ball
1-0: SINGLE (Groundball, 34D)
Pinch Hitting: RHB Jim Unknown 0-0: Ball
1-0: Called Strike
1-1: Ball
2-1: Ball
3-1: Fielders Choice at 2nd, 4-6 (Groundball, 4)
Batting: RHB Randy Gregory 0-0: Called Strike
0-1: Ball
1-1: Ball
2-1: Foul Ball, location: 2F
2-2: Ball
3-2: Strikes out swinging
Top of the 9th over - 0 run(s), 1 hit(s), 0 error(s), 1 left on base; Viola 4 - Bagley 6
This league is powered by Out of the Park Baseball, the baseball management simulation game for PC, Mac and Linux
Saturday, July 25th, 2015 - OOTP Baseball 15.6 Build 34